AoeStats
← 逆流

Nomad

507020315Analyzed
4v4 RM · 16d ago on Sep 16, 2026· 50m 20s· 8 players
Game mode
Random Map
Map size
231×231
Population
200
Speed
Normal
Resources
Standard
Victory
Conquest
Starting age
Dark Age
Ending age
Imperial Age
RankedLock teamsTeams togetherTeam positionsShared explorationLock speedFull tech treeHidden civsTurbo modeCheats
Victory
Defeat
🇳🇵 Vietnamese · Nepal
1268
+13
🇨🇳 Vikings · China
1264
+13
🇨🇳 Wei · China
1263
+13
🇹🇷 Persians · Türkiye
1167
+18
🇲🇽 Vikings · Mexico
1222
-15
🇲🇽 Malians · Mexico
1221
-15
🇺🇸 Franks · United States
1201
-14
🇫🇷 Berbers · France
1174
-13
Dallo
6:11 Loom
16:24 Feudal Age
17:53 Double-Bit Axe
20:12 Castle Age
22:02 Bow Saw
22:26 Husbandry
22:37 Bloodlines
24:59 Wheelbarrow
24:10 Town Watch
25:43 Horse Collar
28:08 Heavy Plow
29:09 Padded Archer Armor
29:50 Hand Cart
30:14 Fishing Lines
33:22 Fletching
35:51 Kasbah
40:10 Leather Archer Armor
42:38 Bodkin Arrow
43:11 Ballistics
42:31 Treadmill Crane
46:07 Scale Barding Armor
47:40 Town Patrol
53:08 Imperial Age
Greñicov
5:46 Loom
14:07 Feudal Age
16:13 Fletching
16:12 Town Watch
21:56 Castle Age
21:13 Double-Bit Axe
21:20 Gold Mining
22:55 Medium Warships
27:18 Bodkin Arrow
29:28 Ballistics
42:08 Imperial Age
44:47 Scale Mail Armor
44:51 Pikeman
Paradise7461
5:56 Loom
12:41 Feudal Age
15:22 Forging
16:12 Scale Barding Armor
18:26 Wheelbarrow
23:53 Double-Bit Axe
30:05 Castle Age
31:10 Husbandry
30:35 Light Cavalry
38:39 Medium Warships
39:46 Hand Cart
41:50 Fletching
44:27 Iron Casting
47:18 Chain Barding Armor
Naco y Estúpido
13:59 Feudal Age
13:36 Loom
16:30 Fletching
18:53 Double-Bit Axe
23:00 Castle Age
21:26 Stone Mining
21:29 Gold Mining
22:37 Stone Mining
24:54 Bodkin Arrow
25:50 Guard Tower
27:41 Ballistics
30:41 Bloodlines
30:31 Husbandry
32:18 Forging
32:13 Scale Barding Armor
32:12 Horse Collar
33:32 Husbandry
35:42 Iron Casting
35:13 Scale Barding Armor
36:28 Scale Barding Armor
38:07 Chain Barding Armor
38:34 Wheelbarrow
38:27 Tigui
43:13 Imperial Age
42:40 Squires
42:25 Arson
42:54 Masonry
42:26 Treadmill Crane
43:19 Elite Gbeto
44:20 Conscription
44:12 Scale Mail Armor
46:05 Architecture
47:39 Hand Cart
48:01 Gold Shaft Mining
48:01 Stone Shaft Mining
48:33 Chain Mail Armor
49:42 Hoardings
49:51 Plate Barding Armor
49:48 Plate Mail Armor
emre_gul19
4:45 Loom
17:03 Feudal Age
18:42 Wheelbarrow
17:53 Double-Bit Axe
17:54 Fishing Lines
18:40 Town Watch
20:15 Gold Mining
20:15 Stone Mining
21:50 Fletching
27:00 Castle Age
28:07 Bow Saw
27:40 Horse Collar
28:48 Hand Cart
29:09 Gold Shaft Mining
28:36 Heavy Plow
28:32 Gillnets
29:02 Bodkin Arrow
39:24 Imperial Age
38:00 Scale Barding Armor
38:07 Forging
40:17 Stone Shaft Mining
39:46 Town Patrol
39:59 Town Patrol
41:14 Padded Archer Armor
41:35 Chain Barding Armor
43:12 Crop Rotation
44:10 Leather Archer Armor
44:06 Kamandaran
49:45 Two-Man Saw
GemGem27
4:44 Loom
13:00 Feudal Age
13:37 Double-Bit Axe
26:09 Castle Age
25:19 Town Watch
25:28 Fletching
26:00 Horse Collar
26:12 Crossbowman
26:57 Bodkin Arrow
34:13 Thumb Ring
38:31 Town Patrol
42:17 Padded Archer Armor
45:18 Ballistics
47:09 Wheelbarrow
50:12 Gold Mining
逆流
4:24 Loom
15:27 Feudal Age
20:07 Castle Age
18:51 Fletching
21:42 Medium Warships
22:28 Padded Archer Armor
23:52 Double-Bit Axe
25:16 Leather Archer Armor
26:25 Bodkin Arrow
27:07 Bow Saw
28:19 Ballistics
28:23 Careening
34:02 Horse Collar
39:47 Imperial Age
38:01 Man-at-Arms
38:27 Gambesons
38:43 Squires
38:57 Long Swordsman
40:53 Conscription
40:47 Forging
40:38 Scale Mail Armor
40:38 Bracer
40:05 Elite Longship
40:36 Pikeman
41:18 Two-Handed Swordsman
42:42 Champion
45:06 Iron Casting
44:46 Chain Mail Armor
46:18 Ring Archer Armor
48:01 Bogsveigar
48:19 Crossbowman
49:59 Arbalester
duck
4:19 Loom
14:31 Feudal Age
18:47 Castle Age
17:13 Double-Bit Axe
20:02 Bow Saw
20:56 Fletching
21:57 Wheelbarrow
21:32 Bodkin Arrow
22:19 Padded Archer Armor
24:06 Leather Archer Armor
26:58 Husbandry
27:08 Bloodlines
27:14 Horse Collar
29:32 Ballistics
30:05 Fishing Lines
35:36 Imperial Age
33:23 Hand Cart
34:11 Scale Barding Armor
35:27 Chain Barding Armor
35:20 Forging
35:12 Heavy Plow
35:41 Stone Mining
35:45 Gold Mining
37:47 Stone Shaft Mining
39:41 Iron Casting
39:54 Conscription
38:54 Elite Tiger Cavalry
41:56 Blast Furnace
41:27 Ming Guang Armor
41:58 Crop Rotation
42:20 Ming Guang Armor
44:29 Bracer
Connection lost

Rejoining the realm…

Still unreachable

The connection could not be restored.

Session expired

The server has moved on; the page needs a fresh start.